 Dungeon Crawl Stone Soup version 0.19-a0-1268-g6c5d9f8 (webtiles) character file.

728 RogueShenanigans the Magician (level 7, 41/41 HPs)
             Began as a Deep Elf Wizard on Aug 29, 2016.
             Quit the game in the Ecumenical Temple on Aug 30, 2016.
             The game lasted 00:20:29 (6586 turns).

RogueShenanigans the Magician (Deep Elf Wizard)     Turns: 6586, Time: 00:20:30

Health: 41/41      AC:  2    Str:  8    XL:     7   Next: 44%
Magic:  19/19      EV: 14    Int: 24    God:
Gold:   50         SH:  0    Dex: 13    Spells: 5 memorised, 8 levels left

rFire  . . .     SeeInvis +     f - +2 dagger (drain)
rCold  . . .     Gourm    .     q - +0 robe (curse)
rNeg   . . .     Faith    .     (no shield)
rPois  .         Spirit   .     b - +0 hat
rElec  .         Dismiss  .     (no cloak)
rCorr  .         Reflect  .     (no gloves)
MR     .....     Harm     .     (no boots)
Stlth  ++........               (no amulet)
                                t - ring of see invisible
                                s - +3 ring of strength

@: repel missiles
A: no striking features
a: no special abilities


You were in the Ecumenical Temple.
You were very hungry.

You visited 2 branches of the dungeon, and saw 6 of its levels.

You collected 229 gold pieces.
You spent 179 gold pieces at shops.

Inventory:

Hand Weapons
 e - a +0 dagger
 f - a +2 dagger of draining (weapon)
Armour
 a - a +0 robe
 b - a +0 hat (worn)
 q - a cursed +0 robe (worn)
Jewellery
 s - a +3 ring of strength (left hand)
 t - a ring of see invisible (right hand)
 A - an uncursed ring of see invisible
Scrolls
 v - a scroll of magic mapping {unknown}
 w - a scroll of recharging
 y - a scroll of summoning {unknown}
Potions
 h - a potion of ambrosia
 i - 2 potions of haste
 j - a potion of mutation {unknown}
 k - a potion of cancellation {unknown}
 l - a potion of resistance {unknown}
 m - 2 potions of agility {unknown}
 n - 3 potions of might {unknown}
 o - a potion of lignification {unknown}
 p - 2 potions of heal wounds
 x - a potion of curing {unknown}
 z - a potion of brilliance {unknown}
Books
 c - a book of Minor Magic

   Spells                             Type                      Level
   a - Magic Dart                     Conjuration                  1
   b - Blink                          Translocation                2
   c - Call Imp                       Summoning                    2
   d - Repel Missiles                 Charms/Air                   2
   e - Slow                           Hexes                        2
   f - Conjure Flame                  Conjuration/Fire             3
   g - Mephitic Cloud                 Conjuration/Poison/Air       3
Comestibles
 d - 6 bread rations
 g - a slice of pizza
 r - 2 fruits
 u - 2 beef jerkies


   Skills:
 + Level 3.0 Fighting
 + Level 4.3 Dodging
 - Level 2.4 Stealth
 + Level 6.8 Spellcasting
 + Level 5.7 Conjurations
   Level 1.1 Summonings
 - Level 1.1 Translocations


You had 8 spell levels left.
You knew the following spells:

 Your Spells              Type           Power        Failure   Level  Hunger
a - Magic Dart            Conj           ####         1%          1    None
b - Blink                 Tloc           N/A          10%         2    None
c - Repel Missiles        Chrm/Air       #.....       12%         2    None
d - Mephitic Cloud        Conj/Pois/Air  ###.....     12%         3    None
e - Conjure Flame         Conj/Fire      ###.....     10%         3    None


Dungeon Overview and Level Annotations

Branches:
Dungeon (5/15)             Temple (1/1) D:5

Altars:
Ashenzari
Dithmenos
Elyvilon
Gozag
Hepliaklqana
Nemelex Xobeh
Qazlal
Ru
Sif Muna
Yredelemnul
Zin
The Shining One
Jiyva

Shops:
D:4 [   D:5 =

Annotations:
D:4 Menkaure


Message History

Found a viscous altar of Jiyva and a hazy altar of Hepliaklqana.
Found an opulent altar of Gozag.
There is an opulent altar of Gozag here.
There is a staircase back to the Dungeon here.
Done exploring.
The wall burns you! The walls burn you! The wall burns you!
There is a staircase back to the Dungeon here.
You start resting.
You are feeling very hungry.
You start resting.
HP restored.
Okay, then.
Save game and exit?
Welcome back, RogueShenanigans the Deep Elf Wizard.
Press ? for a list of commands and other information.
Quiver which item? (- for none, * to show all) (? for menu, Esc to quit)
Okay, then.
Are you sure you want to abandon this character and quit the game? (Confirm with "yes".)

######## ######### ######
...#...### ###.......### ###...#.
._..._...###..._..._...###..._...
..........#.............#........
.................................
_...............@<...............
.................................
..........#.............#........
._..._...###..._..._...###..._...
...#...### ###.......### ###...#.
######## ######### ######


There were no monsters in sight!

Vanquished Creatures
  2 ogres (D:5)
  A gnoll sergeant (D:5)
  2 howler monkeys
  2 crimson imps (D:5)
  2 iguanas (D:4)
  An orc wizard (D:3)
  A worker ant (D:5)
  A worker ant zombie (D:5)
  10 adders
  7 gnolls
  An adder skeleton (D:4)
  A worm (D:4)
  2 dart slugs (D:2)
  4 giant geckos
  4 orcs
  2 ball pythons
  9 bats
  3 giant cockroaches
  8 goblins
  7 hobgoblins
  2 jackals (D:4)
  6 kobolds
  2 quokkas
  5 giant newts
  5 rats
90 creatures vanquished.

Notes
Turn   | Place    | Note
-------+----------+-------------------------------------------
     0 | D:1      | RogueShenanigans the Deep Elf Wizard began the quest for the Orb.
     0 | D:1      | Reached XP level 1. HP: 10/10 MP: 7/7
   193 | D:1      | Reached XP level 2. HP: 15/15 MP: 3/9
   198 | D:1      | Learned a level 2 spell: Blink
   202 | D:1      | Learned a level 2 spell: Repel Missiles
   702 | D:2      | Reached XP level 3. HP: 16/20 MP: 3/11
  1221 | D:2      | Learned a level 3 spell: Mephitic Cloud
  1225 | D:2      | Learned a level 3 spell: Conjure Flame
  2212 | D:2      | Reached skill level 5 in Spellcasting
  2380 | D:2      | Reached skill level 1 in Fighting
  2425 | D:1      | Reached XP level 4. HP: 14/25 MP: 1/13
  3132 | D:3      | Reached XP level 5. HP: 29/29 MP: 1/14
  3477 | D:3      | Found a glowing golden altar of the Shining One.
  4124 | D:4      | Noticed Menkaure
  4472 | D:4      | Found Ypsag's Antique Armour Emporium.
  4478 | D:4      | Bought an embroidered robe for 14 gold pieces
  4866 | D:4      | Found a sacrificial altar of Ru.
  4867 | D:4      | Found a basalt altar of Yredelemnul.
  5340 | D:5      | Entered Level 5 of the Dungeon
  5343 | D:5      | Reached XP level 6. HP: 35/35 MP: 12/16
  5575 | D:4      | Reached skill level 6 in Spellcasting
  5575 | D:4      | Reached skill level 5 in Conjurations
  5824 | D:5      | Reached XP level 7. HP: 40/40 MP: 1/18
  6073 | D:5      | Found Fiheocw's Jewellery Shoppe.
  6078 | D:5      | Bought an uncursed ring of see invisible for 165 gold pieces
  6079 | D:5      | Found a staircase to the Ecumenical Temple.
  6289 | Temple   | Entered the Ecumenical Temple
  6586 | Temple   | Quit the game

Vault maps used:
D:1:      dpeg_arrival_shelter
D:3:      lemuel_crystal_altar, first_bread
D:4:      grunt_temple_overflow_open, serial_shops, nicolae_shop_trees,
          uniq_menkaure
D:5:      grunt_temple_overflow_cloverleaf, serial_shops, kennysheep_little_box
Temple:   pf_slimified_temple

Skill      XL: |  1  2  3  4  5  6  7 |
---------------+----------------------+-----
Conjurations   | 2 3 4 5 |  5.7
Spellcasting   | 5 6 |  6.8
Fighting       | 1 2 3 |  3.0
Dodging        | 3 4 |  4.3
Stealth        | |  2.4
Summonings     | |  1.1
Translocations | |  1.1

Action                   |  1- 3 |  4- 6 |  7- 9 || total
-------------------------+-------+-------+-------++-------
Melee: Dagger            |    22 |    16 |     3 ||    41
 Cast: Magic Dart        |    97 |   154 |    21 ||   272
       Repel Missiles    |     1 |       |       ||     1
       Mephitic Cloud    |     5 |    13 |     2 ||    20
       Conjure Flame     |     2 |     3 |     1 ||     6
  Use: Scroll            |     4 |     2 |       ||     6
  Eat: Chunk             |     4 |     8 |       ||    12
       Bread ration      |       |     1 |       ||     1
Armor: Robe              |     6 |    10 |     1 ||    17
Dodge: Dodged            |    31 |    46 |     4 ||    81
